 Dungeon Crawl Stone Soup version 0.31-a0-851-g7ff8af7 (webtiles) character file.

Game seed: 14235529881786384381

353346 BarneyGumball the Gnoll Aeon (level 22, -1/156 HPs)
             Began as a Gnoll Ice Elementalist on Oct 6, 2023.
             Was the Champion of Cheibriados.
             Killed by divine providence
             ... invoked by a living spell
             ... summoned by a walking divine tome
              (8 damage)
             ... on level 2 of the Depths.
             The game lasted 03:56:49 (51369 turns).

BarneyGumball the Gnoll Aeon (GnIE)                Turns: 51369, Time: 03:56:50

Health: -1/156     AC: 25    Str: 25    XL:     22   Next: 27%
Magic:  9/41       EV: 29    Int: 38    God:    Cheibriados [******]
Gold:   956        SH: 25    Dex: 33    Spells: 13/52 levels left

rFire   + + .        a - +11 hand axe of the Equator {elec, Will+}
rCold   + . .        i - +3 kite shield {AC+3}
rNeg    . . .        H - +3 ring mail {rF+}
rPois   .            p - +2 helmet
rElec   +            t - scarf {rC+ rF+}
rCorr   .            b - +2 pair of gloves
SInv    .            f - +2 pair of boots
Will    +++..        R - amulet of reflection
Stlth   ++++++       w - ring "Irphubien" {Drain Fly rElec Dex+5 Slay+3}
HPRegen 0.00/turn    e - ring of Dishonour {Will+ Slay+4}
MPRegen 0.27/turn

%: reflection
@: flying, inhibited regen, very slow
A: fangs 1, strong nose, distributed training, frail 1, inhibited regeneration,
wild magic 1
}: 2/15 runes: serpentine, barnacled
a: Renounce Religion, Bend Time, Temporal Distortion, Slouch, Step From Time


You were on level 2 of the Depths.
You worshipped Cheibriados.
Cheibriados was exalted by your worship.
You visited 8 branches of the dungeon, and saw 37 of its levels.
You also visited: Sewer and Ossuary.

You collected 4820 gold pieces.
You spent 3864 gold pieces at shops.

Inventory:

Hand Weapons
 a - the +11 hand axe of the Equator (weapon) {elec, Will+}
   (You found it on level 4 of the Dungeon)

   Will+:     It increases your willpower.
 Y - the +10 trident of Disorder {venom, rC+ SInv}
   (You found it on level 5 of the Lair of Beasts)

   rC+:       It protects you from cold.
   SInv:      It lets you see invisible.
Missiles
 Z - 3 silver javelins
Armour
 b - a +2 pair of gloves (worn)
 f - a +2 pair of boots (worn)
 i - a +3 kite shield of protection (worn)
 p - a +2 helmet (worn)
 t - a scarf of resistance (worn)
 H - a +3 ring mail of fire resistance (worn)
Jewellery
 e - the ring of Dishonour (right hand) {Will+ Slay+4}
   (You found it on level 2 of the Depths)

   [ring of slaying]

   Slay+4:    It affects your accuracy & damage with ranged weapons and melee
   (+4).
   Will+:     It increases your willpower.
 n - a ring of resist corrosion
 w - the ring "Irphubien" (left hand) {Drain Fly rElec Dex+5 Slay+3}
   (You bought it in a shop on level 2 of the Shoals)

   [ring of flight]

   Dex+5:     It affects your dexterity (+5).
   Slay+3:    It affects your accuracy & damage with ranged weapons and melee
   (+3).
   rElec:     It insulates you from electricity.
   Fly:       It grants you flight.
   Drain:     It drains your maximum health when unequipped.
 y - the amulet of the Air {Inacc Air Fly rElec RMsl}
   (You found it on level 4 of the Snake Pit)

   [amulet of nothing]

   Inacc:     It reduces the accuracy of your attacks and spells.
   Air:       It enhances your air magic.
   rElec:     It insulates you from electricity.
   Fly:       It grants you flight.
   RMsl:      It protects you from missiles.
 G - a ring of positive energy
 Q - a ring of protection from fire
 R - an amulet of reflection (around neck)
Wands
 c - a wand of polymorph (12)
 g - a wand of charming (15)
 v - a wand of flame (91)
 z - a wand of mindburst (40)
 C - a wand of acid (7)
 T - a wand of digging (22)
 W - a wand of roots (26)
Scrolls
 d - 8 scrolls of vulnerability
 h - 10 scrolls of revelation
 m - 6 scrolls of poison
 o - 4 scrolls of teleportation
 r - 3 scrolls of blinking
 s - 9 scrolls of immolation
 B - 4 scrolls of brand weapon
 J - 4 scrolls of butterflies
 N - 9 scrolls of amnesia
 O - 2 scrolls of enchant weapon
 U - 3 scrolls of fog
 V - 17 scrolls of identify
 X - 4 scrolls of fear
Potions
 j - 3 potions of cancellation
 k - 3 potions of magic
 l - 13 potions of curing
 q - 8 potions of attraction
 u - 4 potions of enlightenment
 x - 6 potions of heal wounds
 A - 4 potions of invisibility
 D - 6 potions of lignification
 E - 6 potions of resistance
 I - 8 potions of might
 L - 5 potions of brilliance
 M - 7 potions of ambrosia
 P - a potion of berserk rage
Miscellaneous
 F - a lightning rod (4/4)
 K - a phantom mirror
 S - a phial of floods


   Skills:
 + Level 14.9 Fighting
 + Level 14.9 Short Blades
 + Level 14.9 Long Blades
 + Level 14.9 Axes
 + Level 14.9 Maces & Flails
 + Level 14.9 Polearms
 + Level 14.9 Staves
 + Level 14.9 Ranged Weapons
 + Level 14.9 Throwing
 + Level 14.9 Armour
 + Level 15.5 Dodging
 + Level 15.4 Stealth
 + Level 14.9 Shields
 + Level 14.9 Unarmed Combat
 + Level 15.6 Spellcasting
 + Level 12.7 Conjurations
 + Level 12.7 Hexes
 + Level 12.7 Summonings
 + Level 12.7 Necromancy
 + Level 12.7 Translocations
 + Level 12.7 Transmutations
 + Level 12.7 Fire Magic
 + Level 14.4 Ice Magic
 + Level 12.7 Air Magic
 + Level 12.7 Earth Magic
 + Level 12.7 Poison Magic
 + Level 16.2 Invocations
 + Level 14.9 Evocations
 + Level 13.7 Shapeshifting


You had 13 spell levels left.
You knew the following spells:

 Your Spells              Type           Power      Damage    Failure   Level
a - Freeze                Ice            100%       1d10      1%          1
b - Frozen Ramparts       Ice            100%       1d16      1%          3
c - Ozocubu's Armour      Ice            100%       N/A       1%          3
d - Borgnjor's Vile Clut  Necr/Erth      52%        N/A       1%          5
e - Fulminant Prism       Conj/Hex       52%        3d22      1%          4
f - Fireball              Conj/Fire      52%        3d20      1%          5
g - Yara's Violent Unrav  Hex/Tmut       52%        3d20      1%          5
h - Passwall              Tmut/Erth      86%        N/A       1%          2
i - Tukima's Dance        Hex            100%       N/A       1%          3
j - Apportation           Tloc           100%       N/A       1%          1
k - Ozocubu's Refrigerat  Ice            55%        4d19      8%          7

Your spell library contained the following spells:

 Spells                   Type           Power      Damage    Failure   Level
 Foxfire                  Conj/Fire      100%       2x1d9     1%          1
 Magic Dart               Conj           100%       1d8       1%          1
 Necrotise                Necr           100%       1d9       1%          1
 Sandblast                Erth           100%       2d20      1%          1
 Shock                    Conj/Air       100%       1d9       1%          1
 Slow                     Hex            100%       N/A       1%          1
 Sting                    Tmut/Pois      100%       1d8       1%          1
 Summon Small Mammal      Summ           100%       N/A       1%          1
 Jinxbite                 Hex            100%       N/A       1%          2
 Lesser Beckoning         Tloc           100%       N/A       1%          2
 Scorch                   Fire           100%       2d9       1%          2
 Searing Ray              Conj           100%       2d8       1%          2
 Static Discharge         Conj/Air       100%       2-7/arc   1%          2
 Call Canine Familiar     Summ           100%       N/A       1%          3
 Confusing Touch          Hex            100%       N/A       1%          3
 Dazzling Flash           Conj/Hex       100%       N/A       1%          3
 Gell's Gravitas          Tloc           100%       N/A       1%          3
 Hailstorm                Conj/Ice       100%       3d20      1%          3
 Sigil of Binding         Hex            100%       N/A       1%          3
 Stone Arrow              Conj/Erth      100%       3d13      1%          3
 Summon Guardian Golem    Hex/Summ       100%       N/A       1%          3
 Teleport Other           Tloc           100%       N/A       1%          3
 Vampiric Draining        Necr           100%       2d13      1%          3
 Volatile Blastmotes      Fire/Tloc      100%       2d18      1%          3
 Airstrike                Air            52%        2d(8-24)  1%          4
 Animate Armour           Summ/Erth      100%       N/A       1%          4
 Brom's Barrelling Bould  Conj/Erth      100%       2d11      1%          4
 Flame Wave               Conj/Fire      100%       2d21      1%          4
 Iskenderun's Mystic Bla  Conj/Tloc      100%       2d19      1%          4
 Passage of Golubria      Tloc           100%       N/A       1%          4
 Summon Ice Beast         Ice/Summ       100%       N/A       1%          4
 Summon Lightning Spire   Summ/Air       100%       N/A       1%          4
 Agony                    Necr           100%       N/A       1%          5
 Alistair's Intoxication  Tmut/Pois      69%        N/A       1%          5
 Lee's Rapid Deconstruct  Erth           52%        3d24*     1%          5
 Silence                  Hex/Air        52%        N/A       1%          5
 Summon Mana Viper        Hex/Summ       100%       N/A       1%          5
 Eringya's Noxious Bog    Tmut/Pois      52%        4d6       3%          6
 Plasma Beam              Fire/Air       52%        2x1d67    3%          6
 Starburst                Conj/Fire      52%        6d14      3%          6
 Summon Cactus Giant      Summ           52%        N/A       3%          6
 Monstrous Menagerie      Summ           52%        N/A       14%         7
 Spellforged Servitor     Conj/Summ      52%        N/A       14%         7
 Borgnjor's Revivificati  Necr           52%        N/A       69%         8
 Lehudib's Crystal Spear  Conj/Erth      52%        10d12     69%         8
 Maxwell's Capacitive Co  Air            52%        ∞         69%         8
 Chain Lightning          Conj/Air       52%        3d69      100%        9
 Fire Storm               Conj/Fire      52%        8d13      100%        9
 Shatter                  Erth           52%        3d39*     100%        9


Dungeon Overview and Level Annotations

Branches:
Dungeon (15/15)            Temple (1/1) D:5            Lair (5/5) D:11
 Shoals (4/4) Lair:3        Snake (4/4) Lair:2        Slime (0/5) Lair:5
    Orc (2/2) D:10            Elf (0/3) Orc:2        Vaults (4/5) D:13
  Crypt (0/3) Vaults:2     Depths (2/4) D:15          Sewer (visited)
Ossuary (visited)

Altars:
Ashenzari
Cheibriados
Dithmenos
Elyvilon
Fedhas
Gozag
Hepliaklqana
Kikubaaqudgha
Makhleb
Nemelex Xobeh
Okawaru
Qazlal
Ru
Sif Muna
Trog
Uskayaw
Vehumet
Wu Jian
Xom
Yredelemnul
Zin
The Shining One
Jiyva

Shops:
D:6 [   Orc:2 [[**   Shoals:2 *   Shoals:3 (   Snake:2 [*!   Vaults:4 [(
Depths:1 *

Portals:
Hell: Depths:1 Depths:2
Abyss: Depths:1
Ziggurat: Depths:1
Trove: Vaults:1 (lose all piety)

Annotations:
D:4 1 runed translucent door, exclusion: door, foff's ghost, novice DEFi
D:13 2 transporters, Kutriumu's ghost, journeyman FeSu
Lair:4 1 runed translucent door, exclusion: door, gorushi's ghost, journeyman GrEE
Shoals:3 2 transporters, Vephes's ghost, adept HuWn
Orc:1 1 runed translucent door, exclusion: door, Zalib's ghost, journeyman DsHu
Vaults:3 Mennas
Depths:2 Bai Suzhen


Innate Abilities, Weirdness & Mutations

You have very sharp teeth.
Your uncanny sense of smell can sniff out nearby items.
Your experience applies equally to all skills.
You are frail. (-10% HP)
You do not regenerate when monsters are visible.
Your spells are a little harder to cast, but a little more powerful.


Message History

You are knocked back by the torrent of water.
The wave splashes down.
You hear a shout!
You hear a loud rustle.
You hear a shout! x3
You slice the stone giant!!
The stone giant is almost dead.
You slice one of the five-headed hydra's heads off!
The four-headed hydra grows two more!
You slash the six-headed hydra!
The zombie hands constrict Bai Suzhen.
You block the stone giant's attack.
You hit the stone giant.
The stone giant is almost dead.
You hack one of the six-headed hydra's heads off!
The five-headed hydra grows two more!
You slash the seven-headed hydra!
Your surroundings suddenly seem different.
The zombie hands lose their grip on something.
The walking divine tome erupts in a flurry of living spells!
The walking divine tome erupts in a flurry of living spells!
The living spell casts itself at you. Something smites you!
The walking divine tome erupts in a flurry of living spells!
The living spell casts itself at you. Something smites you!
The living spell casts itself at you. Something smites you!
* * * LOW HITPOINT WARNING * * *
The living spell casts itself at you. Something smites you!
* * * LOW HITPOINT WARNING * * *
The walking divine tome erupts in a flurry of living spells!
You see here a +0 troll leather armour.
As you read the scroll of butterflies, it crumbles to dust.
You hear the flapping of tiny wings.
The living spell casts itself at you. Something smites you!
* * * LOW HITPOINT WARNING * * *
The living spell casts itself at you. Something smites you!
* * * LOW HITPOINT WARNING * * *
The living spell casts itself at you. Something smites you!
You die...

.#.#.#.#.#.......#
.#.#(#[#.#.......# ###
.#.#.#.##...!...###.##
#.#.#)#.##....bbbb....###
####'#####.b....bb.b....#
..............b.b[.b....##
##...........b.bbbb......####
...........b..bbbbbb.b......##
........*.*..bbb@bbbb......).#
..........;...bbb.b..........#
..(.........b.bbbbb.)[)..)<..#
...............bbbb..........#
............b.######..[..#####
.............b### ##.....^8^..
#...###.........#####<...#####.
##..###....##................
##..#....####..........).....


You could see a walking divine tome and a living smiting commandment (summoned,
ally target).

Vanquished Creatures
  A juggernaut (Depths:1)
  Saint Roka (Vaults:1)
  Jorgrun (D:15)
  Zenata (Vaults:1)
  3 sphinxes
  2 acid blobs (Depths:1)
  A shadow dragon (Depths:2)
  An ancient champion (Vaults:2)
  A storm dragon (Depths:2)
  A tengu reaver (Vaults:4)
  7 azure jellies (Depths:1)
  3 rockslimes (Depths:1)
  9 nagarajas
  An iron dragon (Depths:2)
  3 frost giants
  4 fire giants
  4 spectral caustic shrikes (Depths:1)
  6 vault wardens
  20 ironbound preservers
  2 spriggan defenders (Depths:2)
  A war gargoyle (Vaults:4)
  3 orc warlords
  4 quicksilver oozes (Depths:1)
  6 ironbound thunderhulks
  2 formless jellyfish
  4 very ugly things (Depths:1)
  5 stone giants
  A deep elf annihilator (D:12)
  8 dire elephants (Vaults:1)
  2 spark wasps (Depths:1)
  5 ettins
  4 merfolk javelineers
  3 entropy weavers
  5 great orbs of eyes
  5 fire dragons
  9 merfolk impalers
  8 yaktaur captains
  2 peacekeepers
  7 vault guards
  A jiangshi (Vaults:2)
  6 ironbound frosthearts
  2 salamander tyrants (Snake:4)
  3 merfolk avatars
  3 spriggan air magi (Depths:2)
  5 hydras
  4 ice dragons
  2 alligator snapping turtles (Shoals:4)
  4 catoblepae
  5 boulder beetles
  4 merfolk aquamancers
  7 anacondas
  2 deep troll shamans
  11 centaur warriors
  2 satyrs (Shoals:3)
  2 vampire magi
  6 deep troll earth magi
  12 naga warriors
  3 orc high priests (Orc:2)
  6 two-headed ogres
  3 tengu warriors (Depths:2)
  7 naga sharpshooters
  7 shock serpents
  A spriggan berserker (Depths:2)
  Urug (D:12)
  A deep elf knight (D:13)
  A titan skeleton (Vaults:4)
  3 skysharks
  An iron troll (Depths:1)
  3 salamander mystics
  A kraken simulacrum (Shoals:4)
  9 skeletal warriors (D:15)
  47 deep trolls
  5 naga ritualists
  19 sea snakes
  2 glowing orange brains (Depths:1)
  2 phantasmal warriors
  10 orc knights
  A harpy (shapeshifter) (D:12)
  A deep elf archer (D:13)
  15 harpies
  6 wizards
  10 ironbound convokers
  5 lindwurms
  Pikel (D:4)
  5 deep elf pyromancers (D:12)
  5 necromancers
  8 mana vipers
  3 shining eyes (Depths:1)
  10 orc sorcerers
  9 ugly things
  A wolf spider (shapeshifter) (Vaults:2)
  28 elephants
  2 oklob plants (Shoals:4)
  9 manticores
  11 salamanders
  7 cyclopes
  4 fauns (Shoals:3)
  28 black mambas
  10 vault sentinels
  9 merfolk sirens
  2 centaur skeletons (D:15)
  7 guardian serpents (Snake:4)
  3 water nymphs
  24 cane toads
  17 naga magi
  3 unseen horrors
  4 gargoyles
  A cane toad (shapeshifter) (Depths:2)
  5 kobold demonologists (D:12)
  8 rime drakes
  An efreet (D:14)
  5 tengu conjurers
  A freezing wraith (D:15)
  22 yaktaurs
  8 komodo dragons
  3 trolls
  20 merfolk
  6 polar bears
  A tengu simulacrum (Vaults:2)
  8 wind drakes
  A shadow dragon simulacrum (Vaults:4)
  10 snapping turtles
  29 blink frogs
  18 dream sheep
  36 slime creatures
  A meliai zombie (D:15)
  A shadow (D:10)
  A centaur simulacrum (D:14)
  28 yaks
  11 water elementals
  3 basilisks
  8 wyverns
  3 redbacks
  3 golden eyes (Depths:1)
  2 steam dragons
  8 vampire mosquitoes
  A hog (shapeshifter) (D:13)
  3 wargs
  39 nagas
  15 water moccasins
  A floating eye (Depths:2)
  A human skeleton (Vaults:4)
  A hornet zombie (D:15)
  2 sky beasts (D:7)
  5 black bears
  25 orc warriors
  An elf simulacrum (Vaults:2)
  5 ice beasts
  A black bear (shapeshifter) (D:15)
  23 wolves
  4 ogres
  3 boggarts (Vaults:4)
  23 centaurs
  2 phantoms (D:5)
  Blork the orc (D:4)
  3 elf zombies
  15 bullfrogs
  6 necrophages (Lair:3)
  3 scorpions
  8 killer bees
  2 electric eels (D:7)
  6 howler monkeys
  3 centaur zombies (Ossuary)
  5 hounds
  2 human simulacra (Vaults:2)
  16 orc priests
  2 human zombies
  7 iguanas
  2 sleepcaps
  Natasha (thrice) (D:2)
  24 orc wizards
  6 hell rats (Lair:1)
  A boggart simulacrum (D:15)
  3 mummies
  12 adders
  8 river rats (Sewer)
  4 white imps
  An ufetubus (D:15)
  An adder zombie (Ossuary)
  2 dart slugs
  86 orcs
  6 endoplasms
  A goblin (D:1)
  11 hobgoblins
  4 jackals (D:1)
  5 quokkas
  9 ball pythons
  2 bats
  2 frilled lizards
  A goblin zombie (Ossuary)
  9 hobgoblin zombies (Ossuary)
  A jackal zombie (Ossuary)
  18 kobolds
  10 kobold zombies (Ossuary)
  9 orc zombies (Ossuary)
  23 rats
  A fulminant prism (Lair:5)
  A tentacle (Shoals:4)
1369 creatures vanquished.

Vanquished Creatures (collateral kills)
  A merfolk impaler (Shoals:4)
  An orc knight (Vaults:4)
  A manticore (Shoals:4)
3 creatures vanquished.

Vanquished Creatures (others)
  A centaur warrior (D:13)
  A vampire mage (Vaults:2)
  A manticore (Shoals:4)
  A cyclops (Shoals:4)
  A black mamba (Snake:3)
  A snapping turtle (Shoals:4)
  117 fulminant prisms
  2 tentacles (Shoals:4)
125 creatures vanquished.

Grand Total: 1497 creatures vanquished

Notes
Turn   | Place    | Note
-------+----------+-------------------------------------------
     0 | D:1      | BarneyGumball the Gnoll Ice Elementalist began the quest
                  | for the Orb.
     0 | D:1      | Reached XP level 1. HP: 13/13 MP: 6/6
   210 | D:1      | Reached XP level 2. HP: 19/19 MP: 5/7
   351 | D:1      | Found Amyiner's Distillery.
   877 | D:1      | Reached skill level 5 in Spellcasting
   877 | D:1      | Reached XP level 3. HP: 25/25 MP: 7/9
  1082 | D:1      | Learned a level 3 spell: Frozen Ramparts
  1086 | D:1      | Learned a level 3 spell: Ozocubu's Armour
  1149 | D:2      | Noticed Natasha
  1155 | D:2      | Killed Natasha
  1156 | D:2      | Reached skill level 1 in Fighting
  1156 | D:2      | Reached skill level 1 in Short Blades
  1156 | D:2      | Reached skill level 1 in Long Blades
  1156 | D:2      | Reached skill level 1 in Axes
  1156 | D:2      | Reached skill level 1 in Maces & Flails
  1156 | D:2      | Reached skill level 1 in Polearms
  1156 | D:2      | Reached skill level 1 in Staves
  1156 | D:2      | Reached skill level 1 in Ranged Weapons
  1156 | D:2      | Reached skill level 1 in Throwing
  1156 | D:2      | Reached skill level 1 in Armour
  1156 | D:2      | Reached skill level 1 in Shields
  1156 | D:2      | Reached skill level 1 in Unarmed Combat
  1156 | D:2      | Reached skill level 1 in Invocations
  1156 | D:2      | Reached skill level 1 in Evocations
  1174 | D:2      | Noticed Natasha
  1183 | D:2      | Killed Natasha
  1184 | D:2      | Reached skill level 1 in Shapeshifting
  1184 | D:2      | Reached XP level 4. HP: 20/32 MP: 7/11
  1243 | D:2      | Noticed Natasha
  1251 | D:2      | Killed Natasha
  1252 | D:2      | Reached skill level 1 in Conjurations
  1252 | D:2      | Reached skill level 1 in Hexes
  1252 | D:2      | Reached skill level 1 in Summonings
  1252 | D:2      | Reached skill level 1 in Necromancy
  1252 | D:2      | Reached skill level 1 in Translocations
  1252 | D:2      | Reached skill level 1 in Transmutations
  1252 | D:2      | Reached skill level 1 in Fire Magic
  1252 | D:2      | Reached skill level 1 in Air Magic
  1252 | D:2      | Reached skill level 1 in Earth Magic
  1252 | D:2      | Reached skill level 1 in Poison Magic
  1634 | D:2      | Found an opulent altar of Gozag.
  2069 | D:1      | Bought a potion of curing for 30 gold pieces
  2445 | D:2      | Reached XP level 5. HP: 37/37 MP: 8/12
  2851 | D:3      | Found a stormy altar of Qazlal.
  3121 | D:3      | Found an opulent altar of Gozag.
  3307 | D:1      | Bought a potion of heal wounds for 50 gold pieces
  3414 | D:4      | Noticed a lemure
  3414 | D:4      | Noticed a lemure
  3507 | D:4      | Found a runed translucent door.
  3507 | D:4      | Noticed foff's ghost (novice DEFi)
  3553 | D:4      | Found a glowing drain.
  3563 | Sewer    | Entered a sewer
  3980 | Sewer    | Reached skill level 2 in Invocations
  4027 | Sewer    | Reached XP level 6. HP: 44/44 MP: 13/13
  4207 | Sewer    | Reached skill level 5 in Dodging
  4517 | D:4      | Noticed Blork the orc
  4528 | D:4      | Noticed a black bear
  4537 | D:4      | Killed a black bear
  4624 | D:4      | Identified the +11 hand axe of the Equator {elec, Will+}
  4654 | D:4      | Noticed a black bear
  4660 | D:4      | Killed a black bear
  4661 | D:4      | Reached XP level 7. HP: 51/51 MP: 8/15
  4983 | D:4      | Killed Blork the orc
  4984 | D:4      | Reached skill level 5 in Stealth
  4985 | D:4      | Reached skill level 3 in Invocations
  5119 | D:4      | Noticed Pikel
  5130 | D:4      | Killed Pikel
  5131 | D:4      | Reached XP level 8. HP: 58/58 MP: 6/17
  5571 | D:5      | Entered Level 5 of the Dungeon
  5576 | D:5      | Identified 2 scrolls of acquirement
  5577 | D:5      | Acquired Great Wizards, Vol. II
  5579 | D:5      | Acquired 941 gold pieces
  5675 | D:1      | Bought a potion of mutation for 80 gold pieces
  5675 | D:1      | Bought a potion of heal wounds for 50 gold pieces
  5675 | D:1      | Bought a potion of curing for 30 gold pieces
  5675 | D:1      | Bought 2 potions of lignification for 60 gold pieces
  5675 | D:1      | Bought a potion of resistance for 100 gold pieces
  5675 | D:1      | Bought a potion of heal wounds for 50 gold pieces
  5843 | D:5      | Noticed a +0 hand axe
  5843 | D:5      | Noticed a +0 dagger
  5848 | D:5      | Found a hide-covered altar of Uskayaw.
  5892 | D:5      | Found a staircase to the Ecumenical Temple.
  5898 | Temple   | Entered the Ecumenical Temple
  5918 | Temple   | Became a worshipper of Cheibriados the Contemplative
  5973 | D:5      | Reached skill level 4 in Invocations
  6622 | D:5      | Reached XP level 9. HP: 65/65 MP: 14/18
  6981 | D:6      | Reached * piety under Cheibriados
  7142 | D:6      | Found a sand-covered staircase.
  7152 | Ossuary  | Entered an ossuary
  7463 | D:6      | Found Okewnitue's Antique Armour Emporium.
  7471 | D:6      | Bought a pair of glowing boots for 232 gold pieces
  7482 | D:6      | Bought a glowing leather armour for 155 gold pieces
  7574 | D:6      | Reached ** piety under Cheibriados
  7748 | D:6      | Reached skill level 5 in Invocations
  8178 | D:7      | Noticed a cyclops
  8579 | D:7      | Reached XP level 10. HP: 73/73 MP: 15/20
  8696 | D:7      | Killed a cyclops
  8697 | D:7      | Reached skill level 5 in Fighting
  8697 | D:7      | Reached skill level 5 in Short Blades
  8697 | D:7      | Reached skill level 5 in Long Blades
  8697 | D:7      | Reached skill level 5 in Axes
  8697 | D:7      | Reached skill level 5 in Maces & Flails
  8697 | D:7      | Reached skill level 5 in Polearms
  8697 | D:7      | Reached skill level 5 in Staves
  8697 | D:7      | Reached skill level 5 in Ranged Weapons
  8697 | D:7      | Reached skill level 5 in Throwing
  8697 | D:7      | Reached skill level 5 in Armour
  8697 | D:7      | Reached skill level 5 in Shields
  8697 | D:7      | Reached skill level 5 in Unarmed Combat
  8697 | D:7      | Reached skill level 5 in Evocations
  9242 | D:8      | Reached *** piety under Cheibriados
  9594 | D:8      | Reached skill level 6 in Invocations
  9694 | D:8      | Reached skill level 5 in Shapeshifting
 10018 | D:8      | Reached **** piety under Cheibriados
 10433 | D:9      | Noticed a two-headed ogre
 10440 | D:9      | Killed a two-headed ogre
 10492 | D:9      | Noticed a two-headed ogre
 10590 | D:9      | Killed a two-headed ogre
 10591 | D:9      | Reached XP level 11. HP: 81/81 MP: 15/22
 10669 | D:9      | Reached skill level 5 in Conjurations
 10669 | D:9      | Reached skill level 5 in Hexes
 10669 | D:9      | Reached skill level 5 in Summonings
 10669 | D:9      | Reached skill level 5 in Necromancy
 10669 | D:9      | Reached skill level 5 in Translocations
 10669 | D:9      | Reached skill level 5 in Transmutations
 10669 | D:9      | Reached skill level 5 in Fire Magic
 10669 | D:9      | Reached skill level 5 in Air Magic
 10669 | D:9      | Reached skill level 5 in Earth Magic
 10669 | D:9      | Reached skill level 5 in Poison Magic
 10976 | D:9      | You fall into a shaft and drop 2 floors!
 10985 | D:10     | Entered Level 10 of the Dungeon
 11484 | D:10     | Reached ***** piety under Cheibriados
 11568 | D:10     | Found a staircase to the Orcish Mines.
 11820 | D:10     | Reached skill level 7 in Invocations
 12361 | D:11     | Noticed a two-headed ogre
 12408 | D:11     | Noticed a boulder beetle
 12417 | D:11     | Killed a boulder beetle
 12557 | D:11     | Noticed a boulder beetle
 12639 | D:11     | Killed a boulder beetle
 12645 | D:11     | Learned a level 4 spell: Fulminant Prism
 12651 | D:11     | Learned a level 5 spell: Borgnjor's Vile Clutch
 12885 | D:11     | Found a shimmering altar of Xom.
 13178 | D:11     | Reached XP level 12. HP: 84/91 MP: 18/24
 13252 | D:11     | Found a staircase to the Lair.
 13344 | D:11     | Noticed a two-headed ogre
 13378 | D:11     | Killed a two-headed ogre
 13493 | D:11     | Killed a two-headed ogre
 13968 | Lair:1   | Entered Level 1 of the Lair of Beasts
 14190 | Lair:1   | Noticed a catoblepas
 14252 | Lair:1   | Killed a catoblepas
 14253 | Lair:1   | Reached skill level 8 in Invocations
 14396 | Lair:1   | Identified the +8 chain mail of Eneicseh {Harm Fly rF+}
 14449 | Lair:1   | Reached ****** piety under Cheibriados
 15816 | Lair:2   | Noticed a catoblepas
 15835 | Lair:2   | Killed a catoblepas
 16017 | Lair:2   | Identified the +0 ring mail of the Evil One {Rampage Drain
                  | rF+ Int+3}
 16471 | Lair:2   | Reached XP level 13. HP: 98/98 MP: 20/26
 16716 | Lair:2   | Found a staircase to the Snake Pit.
 17000 | Lair:2   | Identified the +1 scale mail of the Dull God {Dex+4}
 17403 | Lair:3   | Reached skill level 9 in Invocations
 17520 | Lair:3   | Reached skill level 10 in Ice Magic
 18202 | Lair:3   | Reached skill level 10 in Spellcasting
 18290 | Lair:3   | Found a staircase to the Shoals.
 18566 | Lair:3   | You fall into a shaft and drop 2 floors!
 18566 | Lair:5   | Entered Level 5 of the Lair of Beasts
 18637 | Lair:5   | Reached skill level 10 in Dodging
 19265 | Lair:4   | Reached XP level 14. HP: 101/108 MP: 20/28
 19271 | Lair:4   | Reached skill level 10 in Stealth
 19765 | Lair:4   | Reached skill level 10 in Invocations
 20085 | Lair:4   | Found a runed translucent door.
 20244 | Lair:4   | Noticed gorushi's ghost (journeyman GrEE)
 21343 | Lair:5   | Found a staircase to the Slime Pits.
 21362 | Lair:5   | Found a viscous altar of Jiyva.
 22510 | Lair:5   | Identified the +10 trident of Disorder {venom, rC+ SInv}
 22896 | D:12     | Noticed Urug
 22901 | D:12     | Killed Urug
 23085 | D:12     | Reached XP level 15. HP: 115/115 MP: 19/30
 23501 | D:12     | Reached skill level 10 in Fighting
 23501 | D:12     | Reached skill level 10 in Short Blades
 23501 | D:12     | Reached skill level 10 in Long Blades
 23501 | D:12     | Reached skill level 10 in Axes
 23501 | D:12     | Reached skill level 10 in Maces & Flails
 23501 | D:12     | Reached skill level 10 in Polearms
 23501 | D:12     | Reached skill level 10 in Staves
 23501 | D:12     | Reached skill level 10 in Ranged Weapons
 23501 | D:12     | Reached skill level 10 in Throwing
 23501 | D:12     | Reached skill level 10 in Armour
 23501 | D:12     | Reached skill level 10 in Shields
 23501 | D:12     | Reached skill level 10 in Unarmed Combat
 23501 | D:12     | Reached skill level 10 in Evocations
 23863 | D:12     | Reached skill level 11 in Invocations
 23903 | D:12     | Got an inconspicuous book
 23925 | D:12     | Found a shimmering blue altar of Sif Muna.
 24159 | D:12     | Identified the +8 short sword of Disembowelment {flame,
                  | Stlth+}
 24503 | D:12     | Got a strange book
 24505 | D:12     | Got a droning book
 24531 | D:12     | Learned a level 5 spell: Fireball
 24916 | D:13     | Found a transporter.
 25024 | D:13     | Noticed Kutriumu's ghost (journeyman FeSu)
 25263 | D:13     | Found a transporter.
 25581 | D:13     | Found a gate to the Vaults.
 26518 | D:15     | Entered Level 15 of the Dungeon
 27258 | D:15     | Noticed Jorgrun
 27271 | D:15     | Reached XP level 16. HP: 115/124 MP: 8/31
 27281 | D:15     | Killed Jorgrun
 27739 | D:15     | Found a staircase to the Depths.
 27962 | Orc:1    | Entered Level 1 of the Orcish Mines
 27970 | Orc:1    | Reached skill level 10 in Shapeshifting
 28315 | Orc:1    | Found a runed translucent door.
 28315 | Orc:1    | Found a shimmering altar of Xom.
 28315 | Orc:1    | Noticed Zalib's ghost (journeyman DsHu)
 28525 | Orc:2    | Entered Level 2 of the Orcish Mines
 28607 | Orc:2    | Found a bloodstained altar of Trog.
 28957 | Orc:2    | Found a staircase to the Elven Halls.
 29399 | Orc:2    | Reached skill level 12 in Invocations
 29491 | Orc:2    | Found Xuwyebbis's Armour Boutique.
 29491 | Orc:2    | Found Ifigyn Ytau's Antique Armour Boutique.
 29492 | Orc:2    | Found Riek's General Store.
 29521 | Orc:2    | Found Ingaux's Assorted Antiques.
 29527 | Orc:2    | Bought a scroll of identify for 58 gold pieces
 29527 | Orc:2    | Bought a scroll of blinking for 217 gold pieces
 29528 | Orc:2    | Reached XP level 17. HP: 131/131 MP: 33/33
 29529 | Orc:2    | Bought a scroll labelled FIBLASCH FATOAFF for 29 gold
                  | pieces
 29529 | Orc:2    | Bought a phial of floods for 1160 gold pieces
 29591 | Orc:2    | Bought a scroll of teleportation for 42 gold pieces
 29603 | Orc:2    | Bought a runed cloak for 217 gold pieces
 29716 | Snake:1  | Entered Level 1 of the Snake Pit
 31562 | Snake:2  | Found Lytsiurgh's Assorted Antiques.
 31626 | Snake:2  | Found Gaenam's Distillery.
 31628 | Snake:2  | Bought a lumpy golden potion for 34 gold pieces
 31628 | Snake:2  | Bought a scroll of identify for 76 gold pieces
 31641 | Snake:2  | Bought a potion of curing for 45 gold pieces
 31641 | Snake:2  | Bought a potion of enlightenment for 75 gold pieces
 31641 | Snake:2  | Bought a potion of curing for 45 gold pieces
 31641 | Snake:2  | Bought a potion of heal wounds for 75 gold pieces
 31641 | Snake:2  | Bought a potion of cancellation for 120 gold pieces
 31641 | Snake:2  | Bought a potion of ambrosia for 120 gold pieces
 31786 | Snake:2  | Found Eleitz's Superior Scales.
 32730 | Snake:3  | Reached XP level 18. HP: 137/139 MP: 25/34
 32748 | Snake:3  | Reached skill level 10 in Conjurations
 32748 | Snake:3  | Reached skill level 10 in Hexes
 32748 | Snake:3  | Reached skill level 10 in Summonings
 32748 | Snake:3  | Reached skill level 10 in Necromancy
 32748 | Snake:3  | Reached skill level 10 in Translocations
 32748 | Snake:3  | Reached skill level 10 in Transmutations
 32748 | Snake:3  | Reached skill level 10 in Fire Magic
 32748 | Snake:3  | Reached skill level 10 in Air Magic
 32748 | Snake:3  | Reached skill level 10 in Earth Magic
 32748 | Snake:3  | Reached skill level 10 in Poison Magic
 33120 | Snake:4  | Entered Level 4 of the Snake Pit
 33212 | Snake:4  | Found the amulet of the Air {Inacc Air Fly rElec RMsl}
 34080 | Snake:4  | Reached skill level 13 in Invocations
 35024 | Snake:4  | Got a serpentine rune of Zot
 35044 | Snake:4  | Learned a level 5 spell: Yara's Violent Unravelling
 35241 | Shoals:1 | Entered Level 1 of the Shoals
 35935 | Shoals:1 | Learned a level 2 spell: Passwall
 35939 | Shoals:1 | Learned a level 3 spell: Tukima's Dance
 37062 | Shoals:2 | Found Jitt's Assorted Antiques.
 37070 | Shoals:2 | Bought a scroll of fog for 104 gold pieces
 37070 | Shoals:2 | Bought a scintillating marble ring for 130 gold pieces
 37070 | Shoals:2 | Identified the ring "Irphubien" {Drain Fly rElec Dex+5
                  | Slay+3} (You bought it in a shop on level 2 of the Shoals)
 37565 | Shoals:3 | Reached XP level 19. HP: 142/147 MP: 16/36
 37686 | Shoals:3 | Learned a level 1 spell: Apportation
 37764 | Shoals:3 | Found a bloodstained altar of Trog.
 37764 | Shoals:3 | Noticed Vephes's ghost (adept HuWn)
 37766 | Shoals:3 | Found a transporter.
 37904 | Shoals:3 | Found Otumell's Weapon Boutique.
 38155 | Shoals:3 | Found a transporter.
 38386 | Shoals:4 | Entered Level 4 of the Shoals
 40115 | Shoals:4 | Reached skill level 14 in Invocations
 40626 | Shoals:4 | Found the +10 Black Knight's barding {ponderous, rPois rN+}
 40695 | Shoals:4 | Got a barnacled rune of Zot
 41213 | Shoals:4 | Found the +8 longbow "Zephyr" {speed, Dex+3 SInv}
 41469 | Vaults:1 | Entered Level 1 of the Vaults
 41594 | Vaults:1 | Noticed Saint Roka
 41619 | Vaults:1 | Killed Saint Roka
 41840 | Vaults:1 | Noticed Zenata
 42052 | Vaults:1 | Killed Zenata
 42795 | Vaults:1 | Reached XP level 20. HP: 156/156 MP: 15/38
 43317 | Vaults:1 | Found a portal to a secret trove of treasure.
 44257 | Vaults:2 | Identified the +1 arbalest of Strategic Superiority
                  | {freeze, rF+ Int+2 Dex+3}
 44382 | Vaults:2 | Gained mutation: You are frail. (-10% HP) [you]
 44505 | Vaults:2 | Identified the +2 chain mail "Ytestig" {Harm rN++ MP-9
                  | Int+2}
 44595 | Vaults:2 | Found a staircase to the Crypt.
 45474 | Vaults:3 | Paralysed by a formless jellyfish for 1 turns
 45654 | Vaults:3 | Reached skill level 15 in Invocations
 46106 | Vaults:3 | Identified the +0 battleaxe "Ykar Logg" {freeze, Int+6}
 46158 | Vaults:3 | Noticed Mennas
 46442 | Vaults:3 | Learned a level 7 spell: Ozocubu's Refrigeration
 46692 | Vaults:4 | Reached XP level 21. HP: 148/148 MP: 13/39
 47142 | Vaults:4 | Found Mecewyet's Armour Shop.
 47148 | Vaults:4 | Bought a scarf of resistance for 480 gold pieces
 47269 | Vaults:4 | Found Igguj's Weapon Shoppe.
 47466 | Vaults:4 | Gained mutation: You have hidden genetic defects. [you]
 47626 | Vaults:4 | Reached skill level 15 in Spellcasting
 48074 | Vaults:4 | Reached skill level 15 in Dodging
 48541 | Vaults:4 | Gained mutation: You are clumsy. (Dex -2) [hidden defects]
 48542 | Vaults:4 | Lost mutation: You are frail. (-10% HP) [potion of
                  | mutation]
 48542 | Vaults:4 | Lost mutation: You have hidden genetic defects. [potion of
                  | mutation]
 48542 | Vaults:4 | Gained mutation: Your spells are a little easier to cast,
                  | but a little less powerful. [potion of mutation]
 48542 | Vaults:4 | Gained mutation: You occasionally lose the ability to read
                  | scrolls when taking damage. [potion of mutation]
 48542 | Vaults:4 | Gained mutation: Your system is resistant to poisons.
                  | (rPois) [potion of mutation]
 48543 | Vaults:4 | Lost mutation: Your system is resistant to poisons. (rPois)
                  | [potion of mutation]
 48543 | Vaults:4 | Lost mutation: You occasionally lose the ability to read
                  | scrolls when taking damage. [potion of mutation]
 48543 | Vaults:4 | Lost mutation: You are clumsy. (Dex -2) [potion of
                  | mutation]
 48543 | Vaults:4 | Gained mutation: Your body sometimes deteriorates upon
                  | taking damage. [potion of mutation]
 48543 | Vaults:4 | Gained mutation: You are frail. (-10% HP) [potion of
                  | mutation]
 48543 | Vaults:4 | Gained mutation: You are covered in fur. (AC +1) [potion of
                  | mutation]
 48544 | Vaults:4 | Lost mutation: You are covered in fur. (AC +1) [potion of
                  | mutation]
 48544 | Vaults:4 | Lost mutation: You are frail. (-10% HP) [potion of
                  | mutation]
 48544 | Vaults:4 | Lost mutation: Your body sometimes deteriorates upon taking
                  | damage. [potion of mutation]
 48544 | Vaults:4 | Gained mutation: You do not regenerate when monsters are
                  | visible. [potion of mutation]
 48544 | Vaults:4 | Gained mutation: You are somewhat resistant to further
                  | mutation. [potion of mutation]
 48544 | Vaults:4 | Gained mutation: You possess an exceptional clarity of
                  | mind. [potion of mutation]
 48545 | Vaults:4 | Lost mutation: You are somewhat resistant to further
                  | mutation. [potion of mutation]
 48545 | Vaults:4 | Lost mutation: Your spells are a little easier to cast, but
                  | a little less powerful. [potion of mutation]
 48545 | Vaults:4 | Gained mutation: Your magical capacity is low. (-10% MP)
                  | [potion of mutation]
 48545 | Vaults:4 | Gained mutation: You expend magic power (3 MP) to
                  | strengthen your wands. [potion of mutation]
 48546 | Vaults:4 | Lost mutation: You expend magic power (3 MP) to strengthen
                  | your wands. [potion of mutation]
 48546 | Vaults:4 | Lost mutation: Your magical capacity is low. (-10% MP)
                  | [potion of mutation]
 48546 | Vaults:4 | Lost mutation: You possess an exceptional clarity of mind.
                  | [potion of mutation]
 48546 | Vaults:4 | Gained mutation: You have large cloven feet. [potion of
                  | mutation]
 48546 | Vaults:4 | Gained mutation: Your spells are a little harder to cast,
                  | but a little more powerful. [potion of mutation]
 48865 | Depths:1 | Entered Level 1 of the Depths
 48865 | Depths:1 | Found Xuha's Changing Room.
 48895 | Depths:1 | Found a one-way gate to the infinite horrors of the Abyss.
 49020 | Depths:1 | Found a one-way gateway to a ziggurat.
 49056 | Depths:1 | Found an ancient bone altar of Kikubaaqudgha.
 49091 | Depths:1 | Found an ornate altar of the Wu Jian Council.
 49180 | Depths:1 | Gained mutation: You are frail. (-10% HP) [you]
 49181 | Depths:1 | Reached skill level 15 in Stealth
 49337 | Depths:1 | Found a gateway to Hell.
 49605 | Depths:1 | Gained mutation: You are dopey. (Int -2) [a shining eye]
 49796 | Depths:1 | Gained mutation: Armour fits poorly on your strangely
                  | shaped body. [a shining eye]
 49801 | Depths:1 | Lost mutation: You are dopey. (Int -2) [potion of mutation]
 49801 | Depths:1 | Lost mutation: Armour fits poorly on your strangely shaped
                  | body. [potion of mutation]
 49801 | Depths:1 | Lost mutation: You have large cloven feet. [potion of
                  | mutation]
 50212 | Depths:1 | Reached skill level 16 in Invocations
 50310 | Depths:1 | Reached XP level 22. HP: 155/155 MP: 41/41
 50631 | Depths:2 | Noticed a juggernaut
 50648 | Depths:1 | Killed a juggernaut
 51204 | Depths:2 | Identified the ring of Dishonour {Will+ Slay+4}
 51258 | Depths:2 | Noticed a golden dragon
 51342 | Depths:2 | Noticed Bai Suzhen
 51369 | Depths:2 | HP: 7/156 [living spell/divine providence[a walking divine
                  | tome] (11)]
 51369 | Depths:2 | Killed from afar by a living spell

Illustrated notes

Levels and vault maps discovered:
D:1:      dpeg_arrival_houses_and_road, layout_basic, serial_shops, shop,
          minivault_14, minmay_tetromino_t2
D:2:      layout_basic, basic_altar, serial_undead, serial_undead_f,
          serial_undead_f, serial_undead_b, serial_undead_b, serial_undead_b,
          serial_undead_c, serial_undead_d, chequers_serial_rivers_room_b,
          uniq_natasha
D:3:      layout_loops_ring, mainiacjoe_overflow_catch_the_wave
D:4:      layout_basic, portal_sewer_entry_d, gammafunk_ghost_grave,
          kennysheep_small_circle, uniq_pikel, uniq_blork_the_orc
D:5:      layout_basic, dancing_weapons_uskayaw, minmay_temple_entry_crystal_x,
          hangedman_decor_opposing
D:6:      minmay_skewed_foursquare, layout_gridville, gup_ossuary_entry_pyramid,
          serial_shops, shop
D:7:      statuecave_lemuel, layout_loops_ring
D:8:      layout_basic, chequers_serial_rivers_small_3,
          nicolae_elevator_lobby_asterisk
D:9:      layout_loops_ring
D:10:     layout_roguey, orc_0_dummy
D:11:     layout_layer_cave, hellmonk_lair_entry_icy, brannock_xom_greatest_gift
D:12:     evilmike_library_of_no_secrets, layout_basic, uniq_urug
D:13:     layout_rooms, grunt_vaults_entry_fortified,
          gammafunk_ghost_berserking_beasts, lemuel_flamethrower_3
D:14:     layout_gridville, chequers_serial_rivers_small_a
D:15:     grunt_enter_depths_magical_seal, layout_loops_ring,
          serial_bayou_pond_e, serial_ice, serial_ice_f, serial_ice_l,
          serial_ice_n, serial_ice_e, uniq_jorgrun
Temple:   hellmonk_temple_of_storms
Lair:1:   layout_layer_cave
Lair:2:   layout_regular_city, minmay_snake_entry_guardpost_small, minivault_23,
          serial_bayou_shore_b
Lair:3:   layout_long_grid, nicolae_shoals_entry_roost, roderic_carrion_pond,
          lemuel_fruit_tree
Lair:4:   layout_long_grid, ebering_ghost_reflecting_pool, grunt_megastairs_1
Lair:5:   gammafunk_lair_ancient_temple, layout_cave_pods, slime_entry_1
Shoals:1: layout_shoals, nicolae_shoals_water_booths
Shoals:2: layout_shoals, serial_shops, shop, nicolae_shoals_shepherds
Shoals:3: layout_shoals, gammafunk_ghost_wrathful_warriors, serial_shops,
          nicolae_shop_hallway_stairs
Shoals:4: shoals_end_grunt_ice, layout_shoals, nicolae_shoals_this_corrosion
Snake:1:  layout_honeycomb
Snake:2:  layout_rooms, hellmonk_scale_shop, nicolae_triple_integral,
          minmay_shoptagon
Snake:3:  layout_rooms
Snake:4:  johnstein_snake_rune_scales, layout_cave_town
Orc:1:    layout_diamond_mine, ebering_ghost_xom
Orc:2:    st_orc_elflike, layout_caves, basic_altar, abandoned_shop
Vaults:1: vaults_mumra_hexcomb, nicolae_vaults_stepped_doors,
          vaults_room_door_hall, v_misc_32,
          nicolae_vaults_windows_and_doors_thing, ontoclasm_vaults_ring_small,
          vaults_standard_mumra_lines, nicolae_vaults_rhombus_6,
          nicolae_vaults_lopsided_apartments, nicolae_vaults_theta, v_misc_17,
          nicolae_vaults_trapezoid_4, layout_vaults_omnibox,
          nicolae_trove_entry_free_sample, uniq_saint_roka, uniq_zenata
Vaults:2: grunt_vaults_bifocal, minmay_crypt_entry_simple_box, v_misc_5,
          hangedman_vaults_pinch, st_spiral_rooms, v_misc_30,
          nicolae_vaults_yaktaur_gun_rack, hangedman_vaults_nails,
          layout_vaults_big_room
Vaults:3: nicolae_vaults_network_star, grunt_vaults_hallway_short,
          nicolae_vaults_diagonal_hallway_7, v_alt_pattern_2,
          dpeg_vaults_monster_box, nicolae_vaults_an_arrangement,
          grunt_vaults_twisty, nicolae_vaults_tangram_2,
          vaults_dpeg_emergency_exit, hangedman_vaults_stagger,
          nicolae_vaults_turnstiles, v_misc_17, nicolae_vaults_trapezoid_1,
          vaults_room_pools, nicolae_vaults_shelves_hall,
          vaults_room_stairs_pillars, layout_vaults_omnicross, uniq_mennas
Vaults:4: nicolae_vaults_network_barrier, nicolae_vaults_what_the_h,
          nicolae_vaults_taking_the_gang_shopping,
          nicolae_vaults_stairing_the_circle, hangedman_vaults_stitches,
          ontoclasm_vaults_eye, st_smaller_cells,
          nicolae_vaults_oval_intersection, nicolae_vaults_trapezoid_layered,
          layout_vaults_maze_bifur, serial_shops, nicolae_shop_mannequins
Depths:1: layout_cave_pools, enter_ziggurat_d, kiku_gazebo_garden_becter,
          abyss_entry, pf_hell_entry_tar_river, special_room
          [special_room_jelly], nicolae_transmutations_shop,
          nzn_wu_jian_contemplation
Depths:2: minmay_the_grid_net [minmay_the_grid_square_x,
          minmay_the_grid_stretched_grid, minmay_the_grid_dragon_a,
          minmay_the_grid_medium_cups, minmay_the_grid_outer_circle,
          minmay_the_grid_prize_big_room], layout_cave_shapes, hell_entry,
          grunt_pan_entry_in_and_out, ebering_dispersal_statue_hall,
          uniq_bai_suzhen

Skill      XL: |  1  2  3  4  5  6  7  8  9 10 11 12 13 14 15 16 17 18 19 20 21 |
---------------+----------------------------------------------------------------+-----
Spellcasting   | 5 6 7 8 9 10 11 12 13 14 15 | 15.6
Fighting       | 1 2 3 4 5 7 8 9 10 11 12 13 14 | 14.9
Short Blades   | 1 2 3 4 5 7 8 9 10 11 12 13 14 | 14.9
Long Blades    | 1 2 3 4 5 7 8 9 10 11 12 13 14 | 14.9
Axes           | 1 2 3 4 5 7 8 9 10 11 12 13 14 | 14.9
Maces & Flails | 1 2 3 4 5 7 8 9 10 11 12 13 14 | 14.9
Polearms       | 1 2 3 4 5 7 8 9 10 11 12 13 14 | 14.9
Staves         | 1 2 3 4 5 7 8 9 10 11 12 13 14 | 14.9
Ranged Weapons | 1 2 3 4 5 7 8 9 10 11 12 13 14 | 14.9
Throwing       | 1 2 3 4 5 7 8 9 10 11 12 13 14 | 14.9
Armour         | 1 2 3 4 5 7 8 9 10 11 12 13 14 | 14.9
Shields        | 1 2 3 4 5 7 8 9 10 11 12 13 14 | 14.9
Unarmed Combat | 1 2 3 4 5 7 8 9 10 11 12 13 14 | 14.9
Invocations    | 1 2 3 4 5 6 7 8 9 10 11 12 13 14 15 16 | 16.2
Evocations     | 1 2 3 4 5 7 8 9 10 11 12 13 14 | 14.9
Shapeshifting  | 1 2 3 4 5 6 7 8 9 10 11 12 13 | 13.7
Conjurations   | 1 2 3 4 5 6 7 8 9 10 11 12 | 12.7
Hexes          | 1 2 3 4 5 6 7 8 9 10 11 12 | 12.7
Summonings     | 1 2 3 4 5 6 7 8 9 10 11 12 | 12.7
Necromancy     | 1 2 3 4 5 6 7 8 9 10 11 12 | 12.7
Translocations | 1 2 3 4 5 6 7 8 9 10 11 12 | 12.7
Transmutations | 1 2 3 4 5 6 7 8 9 10 11 12 | 12.7
Fire Magic     | 1 2 3 4 5 6 7 8 9 10 11 12 | 12.7
Air Magic      | 1 2 3 4 5 6 7 8 9 10 11 12 | 12.7
Earth Magic    | 1 2 3 4 5 6 7 8 9 10 11 12 | 12.7
Poison Magic   | 1 2 3 4 5 6 7 8 9 10 11 12 | 12.7
Dodging        | 5 6 7 8 9 10 11 12 13 14 15 | 15.5
Stealth        | 5 6 7 8 9 10 11 12 13 14 15 | 15.4
Ice Magic      | 8 9 10 11 12 13 14 | 14.4

Action                     |  1- 3 |  4- 6 |  7- 9 | 10-12 | 13-15 | 16-18 | 19-21 | 22-24 || total
---------------------------+-------+-------+-------+-------+-------+-------+-------+-------++-------
  Melee: Unarmed           |     5 |       |       |       |       |       |       |       ||     5
         Short sword       |     6 |       |       |       |       |       |       |       ||     6
         Hand axe          |       |     2 |   179 |   145 |   409 |   567 |   962 |   127 ||  2391
         Bite              |       |       |    21 |    28 |    74 |   107 |   210 |    29 ||   469
         Punch             |       |       |     7 |    10 |    34 |       |       |       ||    51
         Trident           |       |       |       |       |    20 |       |     4 |       ||    24
   Fire: Sling             |    16 |   202 |    60 |    21 |       |       |       |       ||   299
         Shortbow          |       |       |       |    19 |       |       |       |       ||    19
         Orcbow            |       |       |       |   215 |   284 |       |       |       ||   499
         Arbalest          |       |       |       |       |   147 |       |       |       ||   147
   Cast: Freeze            |    24 |       |       |       |       |       |       |       ||    24
         Frozen Ramparts   |     2 |    27 |    42 |    61 |    63 |    70 |    62 |     8 ||   335
         Ozocubu's Armour  |       |     5 |    17 |    28 |    27 |    28 |    44 |     7 ||   156
         Fulminant Prism   |       |       |       |     1 |    15 |    50 |    52 |       ||   118
         Borgnjor's Vile C |       |       |       |    31 |   122 |    96 |    88 |     9 ||   346
         Fireball          |       |       |       |       |     4 |    19 |    59 |     5 ||    87
         Tukima's Dance    |       |       |       |       |       |       |    11 |       ||    11
         Yara's Violent Un |       |       |       |       |       |       |     5 |       ||     5
         Ozocubu's Refrige |       |       |       |       |       |       |    21 |    11 ||    32
 Invoke: Slouch            |       |       |       |       |     1 |     2 |     5 |       ||     8
  Evoke: Wand              |       |       |       |       |     2 |       |       |       ||     2
         Phial of floods   |       |       |       |       |       |       |     2 |       ||     2
         Phantom mirror    |       |       |       |       |       |       |     1 |       ||     1
    Use: Potion            |       |     1 |       |     2 |     5 |     4 |     7 |       ||    19
         Scroll            |       |       |    10 |     9 |    14 |    12 |     6 |     2 ||    53
   Stab: Sleeping          |     4 |       |     3 |     2 |     4 |     9 |    15 |       ||    37
         Distracted        |       |       |       |       |     1 |       |     1 |       ||     2
 Armour: Robe              |    24 |    37 |    75 |       |       |       |       |       ||   136
         Leather armour    |       |       |    31 |   189 |   203 |       |       |       ||   423
         Ring mail         |       |       |       |       |    73 |   269 |   345 |    44 ||   731
  Dodge: Dodged            |    22 |    61 |   114 |   208 |   396 |   331 |   560 |    69 ||  1761
         Repelled          |       |       |       |       |       |     2 |       |       ||     2
  Block: Other             |       |       |       |    23 |    86 |       |       |       ||   109
         Reflection        |       |       |       |     1 |    28 |    69 |    69 |     4 ||   171
         Kite shield       |       |       |       |       |   124 |   682 |  1023 |   129 ||  1958

Table legend: (Time is in decaauts)
 A = Elapsed time spent in this place.
 B = Non-inter-level travel time spent in this place.
 C = Inter-level travel time spent in this place.
 D = Time resting spent in this place.
 E = Time spent auto-exploring this place.
 F = Levels seen in this place.
 G = Mean time per level.
                   A        B        C        D        E       F      G
               +--------+--------+--------+--------+--------+-----+--------+
         Total |  70780 |  65303 |   5477 |   8698 |  42137 |  39 | 1814.9 |
       Dungeon |  24663 |  22398 |   2265 |   1629 |  17075 |  15 | 1644.2 |
        Temple |     45 |      1 |     44 |      0 |      0 |   1 |   45.0 |
          Lair |  13256 |  12662 |    594 |   1751 |   8447 |   5 | 2651.2 |
        Shoals |   8260 |   7247 |   1013 |   1821 |   3237 |   4 | 2065.0 |
     Snake Pit |   7945 |   7347 |    598 |   1096 |   4028 |   4 | 1986.2 |
  Orcish Mines |   2375 |   2273 |    102 |    385 |   1247 |   2 | 1187.5 |
        Vaults |   9797 |   9277 |    520 |   1100 |   6338 |   4 | 2449.2 |
        Depths |   3171 |   2833 |    338 |    784 |   1235 |   2 | 1585.5 |
         Sewer |    982 |    982 |      0 |    129 |    508 |   1 |  982.0 |
       Ossuary |    282 |    282 |      0 |      2 |     21 |   1 |  282.0 |
               +--------+--------+--------+--------+--------+-----+--------+

Top non-repeatable levels by time:
  Lair:5: 3379 daAuts
Shoals:3: 3297 daAuts
  Lair:1: 3155 daAuts
Vaults:1: 2967 daAuts
    D:11: 2912 daAuts
    D:12: 2719 daAuts
 Snake:4: 2678 daAuts
  Lair:3: 2597 daAuts
Depths:1: 2478 daAuts
Vaults:4: 2381 daAuts
Vaults:2: 2297 daAuts
  Lair:2: 2154 daAuts
Vaults:3: 2150 daAuts
 Snake:1: 2143 daAuts
    D:15: 2067 daAuts
